 Dungeon Crawl Stone Soup version 0.31-a0-1074-g0b22e4e0f1 (webtiles) character file.

Game seed: 6017684621635852659

56 Curundu the Slasher (level 3, -2/31 HPs)
             Began as a Draconian Berserker on Nov 28, 2023.
             Was a Believer of Trog.
             Slain by a kobold brigand
             ... wielding a +0 dagger
              (5 damage)
             ... on level 4 of the Dungeon.
             The game lasted 00:10:56 (1646 turns).

Curundu the Slasher (Draconian Berserker)           Turns: 1646, Time: 00:10:57

Health: -2/31      AC:  5    Str: 19    XL:     3   Next: 71%
Magic:  3/3        EV: 12    Int:  7    God:    Trog [**....]
Gold:   81         SH:  3    Dex: 12    Spells: 2/2 levels left

rFire   . . .        n - +1 dagger (flame)
rCold   . . .        j - +0 buckler
rNeg    . . .        (body armour unavailable)
rPois   .            (helmet restricted)
rElec   .            (no cloak)
rCorr   .            (no gloves)
SInv    .            (no boots)
Will    .....        (no amulet)
Stlth   +            (no ring)
HPRegen 0.25/turn    (no ring)
MPRegen 0.08/turn

%: no passive effects
@: no status effects
A: AC +5, unfitting armour, cold-blooded
a: Renounce Religion, Berserk, Trog's Hand


You were on level 4 of the Dungeon.
You worshipped Trog.
Trog was pleased with you.
You visited 1 branch of the dungeon, and saw 3 of its levels.

You collected 81 gold pieces.

Inventory:

Hand Weapons
 a - a +0 falchion
 n - a +1 dagger of flaming (weapon)
 o - a +0 sling
Missiles
 c - 38 stones
 e - 9 large rocks
Armour
 j - a +0 buckler (worn)
 r - a scarf of repulsion
 s - a +0 pair of gloves
Magical Staves
 f - a staff of conjuration
Scrolls
 d - 2 scrolls of identify {unknown}
 h - 2 scrolls of blinking {unknown}
 k - a scroll of summoning {unknown}
 l - 2 scrolls of amnesia {unknown}
 m - a scroll of teleportation {unknown}
Potions
 b - a potion of mutation {unknown}
 g - a potion of ambrosia {unknown}
 i - a potion of heal wounds {unknown}
 p - a potion of resistance {unknown}
 q - a potion of invisibility {unknown}


   Skills:
 + Level 3.6 Fighting
 + Level 3.8 Long Blades
 + Level 3.4 Dodging
 + Level 0.3 Stealth


You had 2 spell levels left.
You didn't know any spells.
Your spell library was empty.

Dungeon Overview and Level Annotations

Branches:
Dungeon (2/15)

Altars:

Shops:
D:1 :   D:4 *


Innate Abilities, Weirdness & Mutations

Your plain brown scales are hard. (AC +5)
You cannot fit into any form of body armour.
You are cold-blooded and may be slowed by cold attacks.


Message History

The orc wizard mumbles some strange words.
The orc wizard flickers and vanishes!
Deactivating autopickup; reactivate with Ctrl-A.
You hit the orc but do no damage. The orc hits you with a +0 mace.
You closely miss the orc. The orc hits you with a +0 mace.
You hit the orc but do no damage. The orc hits you with a +0 mace.
You hit the orc but do no damage. The orc closely misses you.
You hit the orc but do no damage. The orc completely misses you.
You hit the orc but do no damage.
You tail-slap the orc, but do no damage.
The orc closely misses you.
You hit the orc but do no damage. The orc hits you with a +0 mace.
You hit the orc. You burn the orc.
The orc is almost dead.
The orc hits you with a +0 mace.
* * * LOW HITPOINT WARNING * * *
You completely miss the orc.
You tail-slap the orc, but do no damage.
The orc is almost dead.
The orc hits you but does no damage.
You hit the orc. You burn the orc.
You kill the orc!
Trog accepts your kill.
You closely miss the kobold brigand.
The kobold brigand hits you but does no damage.
You hit the kobold brigand but do no damage.
You barely miss the kobold brigand.
The kobold brigand hits you with a +0 dagger.
* * * LOW HITPOINT WARNING * * *
You hit the kobold brigand. You burn the kobold brigand.
The kobold brigand is lightly wounded.
The kobold brigand hits you but does no damage.
You hit the kobold brigand. You burn the kobold brigand.
The kobold brigand is moderately wounded.
The kobold brigand hits you but does no damage.
You hit the kobold brigand. You burn the kobold brigand.
Your tail-slap misses the kobold brigand.
The kobold brigand is heavily wounded.
The kobold brigand hits you with a +0 dagger.
You die...

#.# ##### #.# #...#######
#.# #.........######### #.#
#...####..........###.###
##.## #..#.##.##........
#.# #..#.##.###.##.###.#
#.# #..#.....@Ko..?....#
#.# #..#.##.###{#...#..#
#.# #..#.##.###...........
#.# #.............∩....# #
##.######....####.........#
..................#....####
...#######.....##...#..#
#### #.......#......
#^........


You could see a kobold brigand and an orc.

Vanquished Creatures
  A worm (D:4)
  An orc (D:4)
  A bat (D:1)
  4 endoplasms
  A giant cockroach (D:4)
  3 goblins
  7 hobgoblins
  10 jackals
  A quokka (D:1)
  4 ball pythons
  A frilled lizard (D:1)
  5 kobolds (D:1)
  4 rats
43 creatures vanquished.

Notes
Turn   | Place    | Note
-------+----------+-------------------------------------------
     0 | D:1      | Curundu the Draconian Berserker began the quest for the
                  | Orb.
     0 | D:1      | Reached XP level 1. HP: 19/19 MP: 1/1
   241 | D:1      | Found a faded altar of an unknown god.
   302 | D:1      | Reached XP level 2. HP: 18/26 MP: 2/2
   484 | D:1      | HP: 1/26 [constriction (1)]
   621 | D:1      | Found Seadif's Book Shop.
   807 | D:1      | Reached XP level 3. HP: 27/31 MP: 3/3
  1146 | D:1      | Reached ** piety under Trog
  1465 | D:2      | You fall into a shaft and drop 2 floors!
  1610 | D:4      | Found Lapimol's Luxury Loot.
  1621 | D:4      | Noticed a kobold brigand
  1646 | D:4      | Slain by a kobold brigand

Illustrated notes

Levels and vault maps discovered:
D:1:      elethiomel_arrival_infinity_welcomes_careful_drivers,
          layout_loops_ring, hellmonk_ecumenical_altar_crossroads, serial_shops,
          nicolae_square_shop
D:2:      layout_basic, lemuel_flame_loot_1, uniq_crazy_yiuf_cottage
D:4:      layout_loops_ring, serial_shops, nicolae_lakefront_shop,
          minmay_shop_enchanted_jewellery, nicolae_alphabet_shops

Skill      XL: |  1  2 |
---------------+-------+-----
Dodging        | 3 |  3.4
Fighting       | |  3.6
Long Blades    | |  3.8
Stealth        | |  0.3

Action                     || total
---------------------------++-------
  Melee: Falchion          ||    92
         Tailslap          ||    20
         Dagger            ||    48
   Stab: Sleeping          ||     2
 Armour: Skin              ||    88
  Dodge: Dodged            ||   109
  Block: Buckler           ||     6

Table legend: (Time is in decaauts)
 A = Elapsed time spent in this place.
 B = Non-inter-level travel time spent in this place.
 C = Inter-level travel time spent in this place.
 D = Time resting spent in this place.
 E = Time spent auto-exploring this place.
 F = Levels seen in this place.
 G = Mean time per level.
                   A        B        C        D        E       F      G
               +--------+--------+--------+--------+--------+-----+--------+
         Total |   1658 |   1658 |      0 |    120 |      0 |   3 |  552.7 |
       Dungeon |   1658 |   1658 |      0 |    120 |      0 |   3 |  552.7 |
               +--------+--------+--------+--------+--------+-----+--------+

Top non-repeatable levels by time:
     D:1: 1196 daAuts
     D:2: 283 daAuts
     D:4: 178 daAuts
